Map: Turbo Cruise '84 LE

Players

Genocidal

  • Race: Protoss Protoss
  • League: Gold
  • Spawn Location: 7:00

DarwinAwdWnr - Winner!

  • Race: Zerg Zerg
  • Spawn Location: 3:00

VOD

Have the link to the VOD?

Description

Time

  • Played on: June 2, 2019, 12:05 p.m.
  • Length: 6:06
Show
View Real Time Build Order
Export as new Build Order

Genocidal Protoss 

Build Orders:  

Get SALT Encoding   

  12  0:00  Probe  
  13  0:15  Pylon  
  13  0:17  Probe  
  14  0:34  Probe, Gateway  
  15  0:42  Probe  
  16  0:52  Probe  
  17  1:04  Probe, Assimilator  
  18  1:16  Probe  
  19  1:53  Nexus  
  19  1:56  Assimilator  
  19  1:58  Assimilator  
  19  1:59  Cybernetics Core  
  19  2:03  Gateway  
  19  2:06  Gateway  
  19  2:10  Probe  
  20  2:20  Probe  
  20  2:22  Zealot  
  23  2:31  Warp Gate  
  23  2:37  Probe  
  23  2:45  Pylon  
  23  2:50  Pylon  
  23  3:02  Stalker  
  23  3:03  Probe x2  
  27  3:11  Probe  
  27  3:19  Probe  
  27  3:26  Stalker x2  
  32  3:43  Probe, Pylon  
  32  3:48  Pylon  
  33  3:49  Probe  
  34  3:55  Probe  
  34  4:01  Probe  
  30  4:08  Probe  
  28  4:13  Probe  
  27  4:19  Stalker  
  27  4:20  Zealot x2  
  27  4:23  Probe  
  28  4:31  Probe  
  29  4:39  Probe  
  22  4:55  Stalker  
  22  4:56  Stalker x2  
  22  4:58  Gateway  
  26  5:08  Gateway  
  26  5:09  Probe, Assimilator  
  27  5:19  Stalker  
  27  5:21  Probe  
  30  5:29  Zealot  
  30  5:31  Zealot  
Show
View Real Time Build Order
Export as new Build Order

DarwinAwdWnr Zerg - Winner!

Build Orders: Hatch First 

Get SALT Encoding   

  12  0:01  Drone  
  13  0:09  Drone  
  14  0:18  Overlord  
  14  0:37  Drone x2  
  16  0:53  Hatchery  
  16  0:57  Drone x2  
  17  1:05  Extractor  
  16  1:17  Spawning Pool  
  16  1:18  Drone  
  16  1:21  Drone  
  17  1:30  Drone  
  17  1:32  Drone  
  19  1:42  Drone  
  20  1:58  Drone  
  21  2:04  Queen  
  21  2:05  Queen  
  21  2:06  Overlord  
  26  2:08  Zergling x2  
  26  2:13  Metabolic Boost  
  26  2:39  Drone x6  
  32  2:47  Lair  
  32  2:53  Extractor  
  31  3:16  Zergling x4  
  31  3:17  Zergling x6  
  35  3:21  Overlord x2  
  35  3:50  Hatchery  
  35  3:53  Nydus Network  
  32  4:07  Zergling x22  
  32  4:08  Zergling x2  
  42  4:29  Zergling x2  
  43  4:33  Overlord x2  
  38  5:00  Zergling x8  
  38  5:01  Zergling x2  
  43  5:17  Nydus Canal  
  43  5:19  Zergling x2  
  43  5:20  Zergling x16  
  52  5:31  Drone  
  52  5:32  Drone x2  
Tags
 
League
Gold
Matchup
PvZ
Replay Pack
10.7.19
Spawn Locations
Cross Positions
Add a new tag
Caveats
  • Supply blocks, unpowered buildings, or Contaminate may cause inaccurate times.
  • Supply counts are checked every 10 seconds.